 Dungeon Sprint DCSS version 0.30-a0-219-gf2db51d15e (webtiles) character file.

Game seed: 17883366123797487133

134 rocky1 the Demonic Disaster (level 4, -1/35 HPs)
             Began as a Demonspawn Fighter on Oct 8, 2022.
             Was a Believer of Qazlal.
             Killed from afar by Ijyb (7 damage)
             ... with a bolt of acid
             ... in the Dungeon (Sprint VII: "The Pits").
             The game lasted 00:01:16 (602 turns).

rocky1 the Demonic Disaster (Demonspawn Fighter)     Turns: 602, Time: 00:01:16

Health: -1/35      AC:  8    Str: 16    XL:     4   Next: 95%
Magic:  9/9        EV:  8    Int: 12    God:    Qazlal [**....]
Gold:   0          SH:  8    Dex: 12    Spells: 3/3 levels left

rFire   . . .      SeeInvis .    n - +2 trident
rCold   . . .      Faith    .    c - +0 buckler
rNeg    . . .      Spirit   .    b - +0 scale mail
rPois   .          Reflect  .    (no helmet)
rElec   .          Harm     .    (no cloak)
rCorr   .          Rampage  .    (no gloves)
Will    .....      NoTele   +    (no boots)
Stlth   ..........               (no amulet)
HPRegen 0.25/turn                (no ring)
MPRegen 0.11/turn                (no ring)

@: corroded, sanguine armoured
A: sanguine armour 1, weakness stinger 2
a: Renounce Religion, Upheaval


You were in the Dungeon.
You worshipped Qazlal.
Qazlal was pleased with you.
You visited 1 branch

Inventory:

Hand Weapons
 a - a +0 trident
 n - a +2 trident (weapon)
Armour
 b - a +0 scale mail (worn)
 c - a +0 buckler (worn)
Scrolls
 j - a scroll of blinking
 l - 5 scrolls of amnesia
 m - a scroll of summoning
Potions
 d - a potion of might
 e - a potion of curing
 g - a potion of haste
 h - 4 potions of magic
 i - 3 potions of berserk rage
 k - 2 potions of invisibility


   Skills:
 - Level 3.2 Fighting
 + Level 5.3 Polearms
 - Level 2.9 Armour
 + Level 5.8 Shields
 + Level 7.1 Invocations


You had 3 spell levels left.
You didn't know any spells.
Your spell library was empty.

Dungeon Overview and Level Annotations

Branches:
Dungeon (1/1)

Altars:
Ashenzari
Cheibriados
Dithmenos
Fedhas
Gozag
Hepliaklqana
Kikubaaqudgha
Makhleb
Nemelex Xobeh
Okawaru
Qazlal
Ru
Sif Muna
Trog
Uskayaw
Vehumet
Wu Jian
Xom
Yredelemnul
Jiyva
Lugonu

Annotations:
D Ijyb


Innate Abilities, Weirdness & Mutations

When seriously injured, your blood forms armour. (AC +6)
You have a tail ending in a sharp stinger.


Message History

The quokka attacks as you move away! The quokka closely misses you.
You puncture the adder!
You kill the adder!
Qazlal accepts your kill.
Ijyb zaps a wand.
The bolt of acid hits the quokka!!
The acid corrodes the quokka!
The quokka dies!
The bolt of acid hits you!
Your blood congeals into armour.
You are too injured to fight recklessly!
Unknown command.
You are too injured to fight recklessly!
Reach: n) +2 trident
Press: ? - help, Dir - move target, f/p - gnoll
Aim: a gnoll, wielding a +0 flail (severely wounded, about 35% to evade your +2 trident)
You reach to attack!
You puncture the gnoll!
You kill the gnoll!
Qazlal accepts your kill.
You can now call upon nature to destroy your foes.
Your Invocations skill increases to level 7!
Unknown command.
Reach: n) +2 trident
Press: ? - help, Dir - move target, f - Ijyb
Aim: Ijyb, wielding a +0 dagger, wearing a +0 chain mail and carrying a wand of acid (6) (about 38% to evade your +2 trident)
You reach to attack!
You hit Ijyb but do no damage.
Unknown command.
Ijyb hits you with a +0 dagger.
There is an open door here.
Things that are here:
a quokka corpse; an adder corpse You hit Ijyb but do no damage.
Ijyb hits you with a +0 dagger.
You hit Ijyb.
Your tail-slap misses Ijyb.
Ijyb is lightly wounded.
Ijyb screams, "Me stronger than you!"
Ijyb zaps a wand.
The bolt of acid hits you.
* * * LOW HITPOINT WARNING * * *
The acid corrodes you!
You hit Ijyb.
Ijyb is lightly wounded.
Ijyb zaps a wand.
The bolt of acid hits you!
You die...

##########.##..........
#...........†..........
#+#####'#####......#..#
#..)..# #..........
#.....# ####'#####+
###'### #.......#
#.....# #.......#
#.....# #.......#
####@## #...<...#
#...g....##.......#
#........##.......#
###########.......#
#########


You could see Ijyb.

Vanquished Creatures
  A floating eye (D)
  2 gnolls (D)
  2 adders (D)
  A ball python (D)
  A giant cockroach (D)
7 creatures vanquished.

Vanquished Creatures (others)
  A quokka (D)
1 creature vanquished.

Grand Total: 8 creatures vanquished

Notes
Turn   | Place    | Note
-------+----------+-------------------------------------------
     0 | D        | rocky1 the Demonspawn Fighter began the quest for the Orb.
     0 | D        | Reached XP level 1. HP: 18/18 MP: 1/1
    20 | D        | Found a bloodstained altar of Trog.
    20 | D        | Found a shimmering blue altar of Sif Muna.
    20 | D        | Found a viscous altar of Jiyva.
    20 | D        | Found a hazy altar of Hepliaklqana.
    20 | D        | Found an opulent altar of Gozag.
    21 | D        | Found a basalt altar of Yredelemnul.
    21 | D        | Found a shimmering altar of Xom.
    21 | D        | Found an ornate altar of the Wu Jian Council.
    21 | D        | Found a sacrificial altar of Ru.
    21 | D        | Found a stormy altar of Qazlal.
    21 | D        | Found an iron altar of Okawaru.
    21 | D        | Found a sparkling altar of Nemelex Xobeh.
    21 | D        | Found a burning altar of Makhleb.
    21 | D        | Found a blossoming altar of Fedhas.
    21 | D        | Found a shadowy altar of Dithmenos.
    21 | D        | Found a snail-covered altar of Cheibriados.
    23 | D        | Found a radiant altar of Vehumet.
    23 | D        | Found a corrupted altar of Lugonu.
    25 | D        | Found an ancient bone altar of Kikubaaqudgha.
    25 | D        | Found a hide-covered altar of Uskayaw.
    25 | D        | Found a broken altar of Ashenzari.
    28 | D        | Became a worshipper of Qazlal Stormbringer
    68 | D        | Reached skill level 1 in Invocations
    75 | D        | Reached skill level 2 in Invocations
    75 | D        | Gained mutation: You have a small tail. [demonic ancestry]
    75 | D        | Reached XP level 2. HP: 19/24 MP: 2/4
   306 | D        | Reached * piety under Qazlal
   307 | D        | Reached skill level 3 in Invocations
   447 | D        | Noticed a floating eye
   448 | D        | Paralysed by a floating eye for 2 turns
   450 | D        | Killed a floating eye
   451 | D        | Reached skill level 5 in Polearms
   451 | D        | Reached skill level 5 in Shields
   451 | D        | Reached skill level 6 in Invocations
   451 | D        | Gained mutation: When seriously injured, your blood forms
                  | armour. (AC +6) [demonic ancestry]
   451 | D        | Reached XP level 3. HP: 29/29 MP: 4/7
   451 | D        | Gained mutation: You have a tail ending in a sharp stinger.
                  | [demonic ancestry]
   451 | D        | Reached XP level 4. HP: 35/35 MP: 5/9
   593 | D        | Noticed Ijyb
   597 | D        | Reached ** piety under Qazlal
   598 | D        | Reached skill level 7 in Invocations
   602 | D        | Killed from afar by Ijyb

Illustrated notes

Levels and vault maps discovered:
D:        pitsprint [storerooms_1, entrance_room_1, metal_vault_6, armoury_3,
          mini_pit_1, grid_room_1, main_hall_1, silver_pit, the_coven_1,
          the_vestibule_1, steel_vault_3, golden_pit, hallway_of_sentries,
          crystal_vault_6, iron_vault_1, final_vault]

Skill      XL: |  1  2  3  4 |
---------------+-------------+-----
Polearms       | 2 5 |  5.3
Shields        | 3 5 |  5.8
Invocations    | 2 6 7 |  7.1
Fighting       | |  3.2
Armour         | |  2.9

Action                   |  1- 3 |  4- 6 || total
-------------------------+-------+-------++-------
Melee: Trident           |    19 |     7 ||    26
  Use: Potion            |     1 |       ||     1
Armor: Scale mail        |     7 |       ||     7
Dodge: Dodged            |     7 |     1 ||     8
Block: Buckler           |     4 |       ||     4

Table legend: (Time is in decaauts)
 A = Elapsed time spent in this place.
 B = Non-inter-level travel time spent in this place.
 C = Inter-level travel time spent in this place.
 D = Time resting spent in this place.
 E = Time spent auto-exploring this place.
 F = Levels seen in this place.
 G = Mean time per level.
                   A        B        C        D        E       F      G
               +--------+--------+--------+--------+--------+-----+--------+
         Total |    606 |    606 |      0 |    499 |      0 |   1 |  606.0 |
       Dungeon |    606 |    606 |      0 |    499 |      0 |   1 |  606.0 |
               +--------+--------+--------+--------+--------+-----+--------+

Top non-repeatable levels by time:
       D: 606 daAuts
